[Event "Aarhus Festuge GM 2018"]
[Site "Aarhus"]
[Date "2018.09.08"]
[Round "1"]
[White "Gritsak, Orest"]
[Black "Kotronias, Vasilios"]
[Result "1/2-1/2"]
[ECO "A49"]
[WhiteElo "2450"]
[BlackElo "2505"]
[Annotator "NA"]
[PlyCount "71"]
[EventDate "2018.09.08"]
[EventType "tourn"]
[EventCountry "DEN"]
[SourceTitle "playchess.com"]
[Source "ChessBase"]
[SourceQuality "1"]
[TimeControl "40/5400+30:1800+30"]

1. d4 Nf6 2. Nf3 g6 3. g3 Bg7 4. Bg2 O-O 5. O-O d6 6. a4 c6 7. Nbd2 Qc7 8. e4 e5 9. dxe5 dxe5 10. Qe2 b6 11. Rd1 Rd8 12. b3 Ba6 13. Qe1 Nbd7 14. Bb2 Bf8 15. Bf1 Bxf1 16. Kxf1 b5 17. Qe2 a6 18. Kg2 Re8 19. Ne1 Nc5 20. Nd3 Nxd3 21. Qxd3 Nd7 22. Nf3 Nc5 23. Qe2 Rab8 24. Ba3 Ne6 25. Bxf8 Rxf8 26. axb5 axb5 27. b4 Rfd8 28. c3 Kg7 29. h4 h5 30. Qe3 Rxd1 31. Rxd1 f6 32. Ne1 Rd8 33. Rxd8 Qxd8 34. Nd3 Qd7 35. f3 Qb7 36. Nc5 1/2-1/2

[Event "Aarhus Festuge GM 2018"]
[Site "Aarhus"]
[Date "2018.09.08"]
[Round "1"]
[White "Antonsen, Mikkel"]
[Black "Zumsande, Martin"]
[Result "0-1"]
[ECO "D30"]
[WhiteElo "2434"]
[BlackElo "2458"]
[Annotator "NA"]
[PlyCount "82"]
[EventDate "2018.09.08"]
[EventType "tourn"]
[EventCountry "DEN"]
[SourceTitle "playchess.com"]
[Source "ChessBase"]
[SourceQuality "1"]
[TimeControl "40/5400+30:1800+30"]

1. d4 d5 2. Nf3 Nf6 3. c4 e6 4. Bg5 Be7 5. e3 h6 6. Bxf6 Bxf6 7. Qc2 c6 8. Nc3 Nd7 9. cxd5 cxd5 10. Bd3 Nb6 11. O-O Bd7 12. e4 Rc8 13. e5 Be7 14. Qe2 Nc4 15. b3 Na3 16. Nb1 Qa5 17. Nxa3 Bxa3 18. Ne1 O-O 19. f4 Qb6 20. Nf3 Rc3 21. g4 Rfc8 22. f5 Bc1 23. Kh1 a6 24. f6 Bb5 25. Bxb5 Qxb5 26. Qg2 g6 27. Rd1 Rc2 28. Qf1 Qxf1+ 29. Rxf1 b5 30. a4 b4 31. Ne1 R2c3 32. Rb1 Be3 33. Nf3 g5 34. h4 gxh4 35. Kg2 Bg5 36. Rb2 a5 37. Rff2 Kh7 38. Rf1 Rd3 39. Rh1 Rcc3 40. Nxh4 Bxh4 41. Rxh4 Rxd4 0-1

[Event "Aarhus Festuge GM 2018"]
[Site "Aarhus"]
[Date "2018.09.08"]
[Round "1"]
[White "Skytte, Rasmus"]
[Black "Olsen, Filip Boe"]
[Result "1-0"]
[ECO "B10"]
[WhiteElo "2372"]
[BlackElo "2354"]
[Annotator "NA"]
[PlyCount "81"]
[EventDate "2018.09.08"]
[EventType "tourn"]
[EventCountry "DEN"]
[SourceTitle "playchess.com"]
[Source "ChessBase"]
[SourceQuality "1"]
[TimeControl "40/5400+30:1800+30"]

1. e4 c6 2. d3 d5 3. Nd2 Nf6 4. Ngf3 Bg4 5. h3 Bh5 6. e5 Nfd7 7. e6 fxe6 8. Be2 e5 9. Nxe5 Bxe2 10. Qxe2 Nxe5 11. Qxe5 Qd6 12. Qe2 Nd7 13. Nf3 g6 14. O-O Bg7 15. Re1 Bf6 16. Ng5 e5 17. c4 O-O 18. cxd5 cxd5 19. Be3 Rae8 20. Rac1 b6 21. Nf3 Bg7 22. Qc2 d4 23. Bd2 h6 24. Qc4+ Qe6 25. Bb4 Rf4 26. Qxe6+ Rxe6 27. Rc7 Nc5 28. Bxc5 bxc5 29. Nd2 Ra6 30. a3 Rb6 31. b3 e4 32. Nxe4 Rxb3 33. Nxc5 Rc3 34. Rxg7+ Kxg7 35. Ne6+ Kf7 36. Nxf4 Rxa3 37. Re4 g5 38. Ne2 Rxd3 39. Nxd4 a5 40. Nf5 Kg6 41. g4 1-0

[Event "Aarhus Festuge GM 2018"]
[Site "Aarhus"]
[Date "2018.09.08"]
[Round "1"]
[White "Pajeken, Jakob Leon"]
[Black "Grove, Peter"]
[Result "1-0"]
[ECO "A43"]
[WhiteElo "2337"]
[BlackElo "2206"]
[Annotator "NA"]
[PlyCount "41"]
[EventDate "2018.09.08"]
[EventType "tourn"]
[EventCountry "DEN"]
[SourceTitle "playchess.com"]
[Source "ChessBase"]
[SourceQuality "1"]
[TimeControl "40/5400+30:1800+30"]

1. d4 Nf6 2. Nf3 c5 3. d5 g6 4. Nc3 Bg7 5. e4 d6 6. Bc4 O-O 7. O-O Na6 8. h3 Nc7 9. Re1 e5 10. dxe6 Bxe6 11. Bxe6 Nxe6 12. Qd3 Re8 13. Be3 Qb6 14. Nd2 Rad8 15. Nc4 Qc6 16. Rad1 Nd4 17. Bg5 b5 18. Ne3 h6 19. Bxf6 Bxf6 20. Ncd5 Bg7 21. Ng4 1-0

[Event "Aarhus Festuge GM 2018"]
[Site "Aarhus"]
[Date "2018.09.08"]
[Round "1"]
[White "Matthiesen, Martin"]
[Black "Chatalbashev, Boris"]
[Result "0-1"]
[ECO "D07"]
[WhiteElo "2275"]
[BlackElo "2546"]
[Annotator "NA"]
[PlyCount "92"]
[EventDate "2018.09.08"]
[EventType "tourn"]
[EventCountry "DEN"]
[SourceTitle "playchess.com"]
[Source "ChessBase"]
[SourceQuality "1"]
[TimeControl "40/5400+30:1800+30"]

1. d4 d5 2. c4 Nc6 3. Nc3 Nf6 4. Bg5 dxc4 5. e3 e5 6. d5 Ne7 7. Bxc4 Ng6 8. Bb5+ Bd7 9. Qb3 Be7 10. Bxf6 Bxf6 11. Bxd7+ Qxd7 12. Qxb7 O-O 13. Nf3 Rab8 14. Qc6 Qg4 15. O-O Rxb2 16. Rab1 Rc2 17. Rbc1 Rxc1 18. Rxc1 e4 19. Qa4 Nf4 20. Ne1 Bxc3 21. exf4 Bd2 22. Rb1 Qxf4 23. Nc2 Qf5 24. Qxa7 e3 25. Qc5 exf2+ 26. Kf1 Re8 27. Qe7 Qc8 28. Qc5 Qf5 29. Qe7 Rc8 30. Qc5 h5 31. Rd1 Be1 32. Nd4 Qf4 33. Nf3 Ra8 34. Rd4 Qe3 35. Qc2 Re8 36. Rd3 Qe4 37. Qd1 Qc4 38. Qb3 Qa6 39. Qa3 Qc4 40. Qb3 Qc5 41. Qa4 Qe7 42. Qc2 g6 43. Rd1 g5 44. d6 cxd6 45. Rd5 g4 46. Rxh5 Bc3 0-1

[Event "Aarhus Festuge GM 2018"]
[Site "Aarhus"]
[Date "2018.09.09"]
[Round "2"]
[White "Olsen, Filip Boe"]
[Black "Matthiesen, Martin"]
[Result "1-0"]
[ECO "E90"]
[WhiteElo "2354"]
[BlackElo "2275"]
[Annotator "NA"]
[PlyCount "59"]
[EventDate "2018.09.08"]
[EventType "tourn"]
[EventCountry "DEN"]
[SourceTitle "playchess.com"]
[Source "ChessBase"]
[SourceQuality "1"]
[TimeControl "40/5400+30:1800+30"]

1. d4 Nf6 2. c4 g6 3. Nc3 Bg7 4. e4 d6 5. Nf3 O-O 6. h3 e5 7. d5 Nh5 8. g3 {[%emt 0:00:25] E90: King's Indian: Classical: Early deviations and 6 h3} f5 (8... Na6 9. Be2 Nc5 10. b4 Nd7 11. Rb1 a5 12. a3 axb4 13. axb4 Qe7 14. Bg5 f6 15. Be3 f5 16. exf5 {½-½ (68) Akobian,V (2647)-Guseinov,G (2646) Riadh 2017}) 9. exf5 gxf5 10. Nh4 Nf4 11. Bd2 Bd7 12. Qc2 Na6 13. a3 Ng6 $146 ({Predecessor:} 13... c6 14. O-O-O Nc7 15. Ng2 Ng6 {½-½ (40) Salemgareev,T (2327)-Hakobyan,H (2103) Moscow 2017}) 14. Nxg6 hxg6 15. O-O-O Qe8 16. f3 Nc5 17. Be3 b6 18. Be2 a5 19. g4 e4 20. f4 Qe7 (20... Nd3+ $11 {remains equal.} 21. Bxd3 exd3 22. Qxd3 fxg4) 21. g5 Be8 22. h4 Bf7 (22... Kh7 $142 23. h5 gxh5) 23. Nb5 a4 24. Nd4 Nd3+ 25. Kb1 b5 $2 (25... Bxd4 $16 26. Bxd4 Nxf4) 26. h5 Rfb8 27. h6 bxc4 28. hxg7 Rxb2+ 29. Qxb2 Nxb2 30. Nc6 $18 1-0

[Event "Aarhus Festuge GM 2018"]
[Site "Aarhus"]
[Date "2018.09.11"]
[Round "4"]
[White "Pajeken, Jakob Leon"]
[Black "Antonsen, Mikkel"]
[Result "1-0"]
[ECO "D00"]
[WhiteElo "2337"]
[BlackElo "2434"]
[Annotator "ChessBase"]
[PlyCount "47"]
[EventDate "2018.09.08"]
[EventType "tourn"]
[EventCountry "DEN"]
[SourceTitle "playchess.com"]
[Source "ChessBase"]
[SourceQuality "1"]
[TimeControl "40/5400+30:1800+30"]

1. d4 d5 2. Bf4 Nf6 3. e3 e6 4. Nd2 c5 5. c3 Nc6 6. Ngf3 Bd6 7. Bg3 O-O 8. Bd3 b6 9. Qe2 Bb7 10. Rd1 c4 11. Bb1 b5 12. e4 Be7 13. e5 Nh5 14. Nf1 g6 15. h4 f5 16. exf6 Rxf6 17. Ng5 Nxg3 18. Nxg3 Bd6 19. h5 Bxg3 20. fxg3 Qc7 21. Qg4 h6 22. hxg6 hxg5 23. Rh7 Qg7 24. Qh5 1-0

[Event "Aarhus Festuge GM 2018"]
[Site "Aarhus"]
[Date "2018.09.13"]
[Round "6"]
[White "Grove, Peter"]
[Black "Olsen, Filip Boe"]
[Result "1/2-1/2"]
[ECO "B17"]
[WhiteElo "2206"]
[BlackElo "2354"]
[Annotator "ChessBase"]
[PlyCount "86"]
[EventDate "2018.09.08"]
[EventType "tourn"]
[EventCountry "DEN"]
[SourceTitle "playchess.com"]
[Source "ChessBase"]
[SourceQuality "1"]
[TimeControl "40/5400+30:1800+30"]

1. e4 c6 2. d4 d5 3. Nc3 dxe4 4. Nxe4 Nd7 5. Nf3 Ngf6 6. Nxf6+ Nxf6 7. Bc4 Bf5 8. O-O e6 9. Bg5 h6 10. Bh4 Be7 11. c3 O-O 12. Ne5 Ne4 13. Bxe7 Qxe7 14. Bd3 Rfd8 15. Qc2 Nd6 16. Rfe1 Qc7 17. Bxf5 Nxf5 18. Qe4 Rd5 19. Nc4 Rad8 20. Ne3 Nxe3 21. Qxe3 c5 22. dxc5 Qxc5 23. Qxc5 Rxc5 24. Rad1 Rcd5 25. Rxd5 Rxd5 26. Kf1 Kf8 27. Re4 Rb5 28. b3 Rc5 29. Re3 Ke7 30. Ke1 Rd5 31. Rf3 Ra5 32. a4 Rd5 33. Ke2 Rd6 34. Rg3 g6 35. Rd3 Rb6 36. b4 Rc6 37. Kd2 Rc4 38. Kc2 Re4 39. f3 Re1 40. Rd1 Re2+ 41. Rd2 Re1 42. Rd1 Re2+ 43. Rd2 Re1 1/2-1/2

[Event "Aarhus Festuge GM 2018"]
[Site "Aarhus"]
[Date "2018.09.15"]
[Round "8"]
[White "Skytte, Rasmus"]
[Black "Matthiesen, Martin"]
[Result "1-0"]
[ECO "E73"]
[WhiteElo "2372"]
[BlackElo "2275"]
[Annotator "ChessBase"]
[PlyCount "77"]
[EventDate "2018.09.08"]
[EventType "tourn"]
[EventCountry "DEN"]
[SourceTitle "playchess.com"]
[Source "ChessBase"]
[SourceQuality "1"]
[TimeControl "40/5400+30:1800+30"]

1. d4 Nf6 2. c4 g6 3. Nc3 Bg7 4. e4 d6 5. Be2 O-O 6. Bg5 c5 7. d5 e6 8. Qd2 exd5 9. exd5 Qb6 10. Nf3 Bf5 11. Nh4 Ne4 12. Nxe4 Bxe4 13. f3 h6 14. Bxh6 Bxh6 15. Qxh6 Qxb2 16. O-O Qd4+ 17. Kh1 Bc2 18. Rac1 Ba4 19. f4 Qg7 20. Qg5 Re8 21. Bd3 Nd7 22. Qg3 Nf6 23. Bb1 Re2 24. f5 g5 25. Nf3 g4 26. Ne1 Rd8 27. Nd3 Qg5 28. Nf4 Re5 29. Qc3 b6 30. Qg3 b5 31. Nh3 Qg7 32. Nf4 Rde8 33. Qh4 Qh8 34. Qg5+ Kf8 35. Nd3 Re2 36. Nf4 Rb2 37. Ng6+ fxg6 38. fxg6 Ke7 39. g7 1-0

[Event "Aarhus Festuge GM 2018"]
[Site "Aarhus"]
[Date "2018.09.15"]
[Round "8"]
[White "Pajeken, Jakob Leon"]
[Black "Olsen, Filip Boe"]
[Result "1/2-1/2"]
[ECO "A46"]
[WhiteElo "2337"]
[BlackElo "2354"]
[Annotator "ChessBase"]
[PlyCount "43"]
[EventDate "2018.09.08"]
[EventType "tourn"]
[EventCountry "DEN"]
[SourceTitle "playchess.com"]
[Source "ChessBase"]
[SourceQuality "1"]
[TimeControl "40/5400+30:1800+30"]

1. d4 Nf6 2. Nf3 e6 3. Bf4 c5 4. e3 Be7 5. c3 b6 6. Nbd2 O-O 7. h3 Bb7 8. Bd3 cxd4 9. exd4 d6 10. O-O Nbd7 11. Qe2 a6 12. a4 Qc7 13. Rfe1 Rfe8 14. Bh2 Qc6 15. Qf1 Nf8 16. c4 a5 17. c5 N8d7 18. Bb5 Qd5 19. Bc4 Qc6 20. Bb5 Qd5 21. Bc4 Qc6 22. Bb5 1/2-1/2